AoeStats
← 米德维奇小学副校长

Glade

510431735Analyzed
1v1 RM · 12h ago on Oct 1, 2026· 32m 55s· 2 players
Game mode
Random Map
Map size
Tiny (2 player)
Population
200
Speed
Normal
Resources
Standard
Victory
Conquest
Starting age
Dark Age
Ending age
Imperial Age
RankedLock teamsTeams togetherTeam positionsShared explorationLock speedFull tech treeHidden civsTurbo modeCheats
Victory
Defeat
🇺🇸 Danes · United States
1141
+14
1101
-14
米德维奇小学副校长
9:16 Feudal Age
12:14 Man-at-Arms
12:42 Loom
13:20 Arson
17:38 Wheelbarrow
18:55 Horse Collar
19:02 Double-Bit Axe
23:30 Castle Age
23:11 Gold Mining
23:45 Scale Mail Armor
24:00 Forging
25:07 Heavy Plow
26:11 Bow Saw
26:28 Scale Mail Armor
31:25 Murder Holes
Keltscheesegrater
5:25 Loom
11:16 Feudal Age
11:36 Man-at-Arms
12:28 Double-Bit Axe
15:38 Horse Collar
15:54 Arson
16:19 Fletching
17:23 Padded Archer Armor
21:35 Arson
22:04 Scale Mail Armor
24:23 Wheelbarrow
26:12 Castle Age
26:09 Forging
25:53 Stone Mining
26:10 Gold Mining
27:04 Long Swordsman
27:45 Squires
28:02 Chain Mail Armor
29:30 Hand Cart
29:49 Hamask
30:21 Town Watch
33:21 Bodkin Arrow
Connection lost

Rejoining the realm…

Still unreachable

The connection could not be restored.

Session expired

The server has moved on; the page needs a fresh start.